 Dungeon Crawl Stone Soup version 0.18-a0-987-g0b0e4e7 (webtiles) character file.

123000 Duffy the Severer (level 16, -12/93 HPs)
             Began as a Vine Stalker Berserker on Jan 3, 2016.
             Was the Champion of Trog.
             Killed from afar by Nikola (35 damage)
             ... with a chain lightning
             ... on level 1 of the Spider Nest.
             The game lasted 00:54:08 (24136 turns).

Duffy the Severer (Vine Stalker Berserker)         Turns: 24136, Time: 00:54:09

Health: -12/93     AC: 22    Str: 20    XL:     16   Next: 89%
Magic:  0/19       EV: 13    Int:  8    God:    Trog [******]
Gold:   2553       SH:  2    Dex: 18    Spells: 0 memorised, 15 levels left

rFire  + . .     SeeInvis +     b - +0 blowgun
rCold  . . .     Gourm    .     D - quicksilver dragon armour
rNeg   . . .     Faith    .     (no shield)
rPois  +         Spirit   +     n - +0 helmet
rElec  .         Dismiss  .     r - +0 cloak
rCorr  .         Reflect  +     j - +2 pair of gloves
SustAt .         Harm     .     x - +0 pair of boots
MR     +++..                    P - +2 amulet of reflection
Stlth  ++........               k - ring of poison resistance
                                R - ring "Afegeage" {Dex-2 Slay+4 Stlth+}

@: extremely resistant to hostile enchantments, unstealthy
A: fangs 3, yellow scales 1, see invisible, fire resistance 1, sense
surroundings 1, regeneration 3, magic shield, antimagic bite, no device heal 3,
rot immunity
a: Berserk, Trog's Hand, Brothers in Arms, Burn Spellbooks, Renounce Religion


You were on level 1 of the Spider Nest.
You worshipped Trog.
Trog was exalted by your worship.
You were not hungry.

You visited 5 branches of the dungeon, and saw 27 of its levels.
You also visited: Labyrinth and Ice Cave.

You collected 2611 gold pieces.
You spent 58 gold pieces at shops.


Innate Abilities, Weirdness & Mutations

You have razor-sharp teeth.
You regenerate.
When hurt, damage is shared between your health and your magic reserves.
Your bite disrupts and absorbs the magic of your enemies.
Potions and wands cannot restore your health.
You are immune to rotting.
You are partially covered in yellow scales (AC +2).
You have supernaturally acute eyesight.
Your flesh is heat resistant.
You passively map a small area around you.


   Skills:
 - Level 14.0 Fighting
 + Level 17.4 Axes
 - Level 10.0 Armour
 - Level 10.0 Dodging
 + Level 3.3 Evocations


You had 15 spell levels left.
You didn't know any spells.

Inventory:

Hand Weapons
 a - a +4 executioner's axe of chopping
 b - a +0 blowgun (weapon)
Missiles
 w - 4 throwing nets
 M - 56 poisoned needles (quivered)
 T - 4 curare-tipped needles
Armour
 j - a +2 pair of gloves (worn)
 n - a +0 helmet (worn)
 r - a +0 cloak (worn)
 x - a +0 pair of boots (worn)
 D - a quicksilver dragon armour (worn)
Jewellery
 k - a ring of poison resistance (right hand)
 l - an uncursed ring of invisibility
 y - a +4 ring of evasion
 O - an uncursed ring of positive energy
 P - a +2 amulet of reflection (around neck)
 R - the ring "Afegeage" (left hand) {Dex-2 Slay+4 Stlth+}

   [ring of stealth]

   It affects your dexterity (-2).
   It affects your accuracy and damage with ranged weapons and melee attacks
   (+4).
   It makes you more stealthy.
 Y - an uncursed ring of protection from magic
Wands
 h - a wand of disintegration (16/24)
 u - a wand of hasting (3/9)
 z - a wand of hasting (3/9)
 W - a wand of digging (7/24)
 Z - a wand of teleportation (3/9)
Scrolls
 e - 4 scrolls of enchant armour
 g - 14 scrolls of remove curse
 m - 5 scrolls of immolation
 o - a scroll of noise {unknown}
 p - 3 scrolls of fog
 t - a scroll of blinking {unknown}
 v - a scroll of vulnerability {unknown}
 A - a scroll of summoning {unknown}
 C - 3 scrolls of magic mapping
 G - 5 scrolls of teleportation
 U - 3 scrolls of fear
 V - 2 scrolls of enchant weapon {unknown}
 X - 2 scrolls of recharging {unknown}
Potions
 d - 9 potions of curing
 q - a potion of lignification {unknown}
 s - 2 potions of flight
 B - a potion of resistance {unknown}
 E - 2 potions of haste
 J - 7 potions of agility
 K - 3 potions of cancellation
 L - 4 potions of might
 N - 3 potions of invisibility
 Q - 2 potions of magic {unknown}
Miscellaneous
 S - a sack of spiders
Comestibles
 c - 10 bread rations
 f - 6 chunks of flesh
 F - 5 beef jerkies

Dungeon Overview and Level Annotations

Branches:
Dungeon (15/15)            Temple (1/1) D:4            Lair (8/8) D:11
 Shoals (0/4) Lair:3       Spider (1/4) Lair:4        Slime (0/6) Lair:8
    Orc (2/2) D:12            Elf (0/3) Orc:2        Vaults (0/5) D:14
 Depths (0/5) D:15

Altars:
Ashenzari
Cheibriados
Dithmenos
Elyvilon
Fedhas
Gozag
Makhleb
Nemelex Xobeh
Okawaru
Pakellas
Qazlal
Ru
Sif Muna
Trog
Xom
Yredelemnul
Zin
The Shining One
Beogh
Jiyva

Shops:
D:8 (   Orc:2 :([*

Annotations:
D:6 2 runed doors
D:10 1 runed door
Spider:1 Nikola


Message History

Firing (i - inventory. (,) - cycle):
M - 60 poisoned needles (quivered)
Press: ? - help, Shift-Dir - straight line, f/p - Nikola
Aim: Nikola, wielding a rapier of electrocution, wearing an embroidered cloak and wearing a pair of gloves (moderately wounded, poisoned)
You shoot a poisoned needle. The poisoned needle hits Nikola!
Nikola is moderately wounded.
a - a +4 executioner's axe of chopping (weapon)
Nikola mumbles some strange words.
Nikola blinks!
b - a +0 blowgun (weapon)
Firing (i - inventory. (,) - cycle):
M - 59 poisoned needles (quivered)
Press: ? - help, Shift-Dir - straight line, f/p - Nikola
Aim: Nikola, wielding a rapier of electrocution, wearing an embroidered cloak and wearing a pair of gloves (moderately wounded, poisoned)
You shoot a poisoned needle.
The poisoned needle closely misses Nikola.
Firing (i - inventory. (,) - cycle):
M - 58 poisoned needles (quivered)
Press: ? - help, Shift-Dir - straight line, f/p - Nikola
Aim: Nikola, wielding a rapier of electrocution, wearing an embroidered cloak and wearing a pair of gloves (moderately wounded, poisoned)
You shoot a poisoned needle. The poisoned needle hits Nikola.
Nikola is moderately wounded.
Firing (i - inventory. (,) - cycle):
M - 57 poisoned needles (quivered)
Press: ? - help, Shift-Dir - straight line, f/p - Nikola
Aim: Nikola, wielding a rapier of electrocution, wearing an embroidered cloak and wearing a pair of gloves (moderately wounded, poisoned)
You shoot a poisoned needle. The poisoned needle hits Nikola.
Nikola is moderately wounded.
Nikola casts a spell.
You hear a mighty clap of thunder!
The lightning arc hits you!
The lightning arc hits Nikola.
The lightning arc hits you!
The lightning arc hits Nikola.
The lightning arc hits you!
The lightning arc grounds out.
You hear an angry hiss. x3
You hear a hideous shriek!
You hear an angry hiss.
Nikola casts a spell.
You hear a mighty clap of thunder!
The lightning arc hits you!
You die...

#.............#######
#.................#.###
#.................(...##
#...........(.....(....#
#......................##
#.............(.........# *
#............#(.^.......#
#.......(...............# ,
#........(@..@%....((..### ,
#........................#
#..................#.....$..(#
#............................#
#.............................
#..................#..........
#...^...^..........^........@.
#............[................
..........^..................


You could see Nikola.

Action                   |  1- 3 |  4- 6 |  7- 9 | 10-12 | 13-15 | 16-18 || total
-------------------------+-------+-------+-------+-------+-------+-------++-------
Melee: Hand axe          |    68 |   109 |       |       |       |       ||   177
       War axe           |       |    79 |   186 |   504 |   386 |       ||  1155
       Executioner's axe |       |       |       |       |   442 |   369 ||   811
       Battleaxe         |       |       |       |       |     6 |       ||     6
 Fire: Blowgun           |       |       |       |       |       |    20 ||    20
Invok: Berserk           |     1 |     5 |     6 |     9 |    27 |    10 ||    58
       Burn Spellbooks   |       |       |       |       |     2 |       ||     2
Evoke: Wand              |       |       |       |     2 |       |     1 ||     3
  Use: Scroll            |       |       |    12 |     4 |     9 |     4 ||    29
       Potion            |       |       |     2 |       |     2 |       ||     4
 Stab: Sleeping          |     1 |       |       |     6 |     8 |     3 ||    18
       Distracted        |       |       |       |     1 |     5 |       ||     6
  Eat: Chunk             |       |    14 |    13 |    27 |    50 |    24 ||   128
       Fruit             |       |       |       |       |    10 |       ||    10
       Beef jerky        |       |       |       |       |       |     2 ||     2

Notes
Turn   | Place    | Note
--------------------------------------------------------------
     0 | D:1      | Duffy the Vine Stalker Berserker began the quest for the Orb.
     0 | D:1      | Reached XP level 1. HP: 11/11 MP: 2/2
   116 | D:1      | Reached XP level 2. HP: 16/16 MP: 3/3
   163 | D:1      | Reached skill level 3 in Fighting
   167 | D:1      | Reached skill level 3 in Axes
   576 | D:1      | Reached XP level 3. HP: 20/20 MP: 4/4
   616 | D:1      | Reached ** piety under Trog
   664 | D:2      | Noticed Natasha
   674 | D:2      | Killed Natasha
   736 | D:2      | Noticed Natasha
   742 | D:2      | Reached XP level 4. HP: 25/25 MP: 5/5
   743 | D:2      | Killed Natasha
   976 | D:2      | Found a snail-covered altar of Cheibriados.
  1010 | D:2      | Found an iron altar of Okawaru.
  1257 | D:2      | Noticed Crazy Yiuf
  1261 | D:2      | Killed Crazy Yiuf
  1261 | D:2      | Reached skill level 4 in Fighting
  1261 | D:2      | Reached skill level 4 in Axes
  1261 | D:2      | Reached XP level 5. HP: 29/29 MP: 6/6
  1333 | D:2      | Found a burning altar of Makhleb.
  1334 | D:2      | Found a deep blue altar of Sif Muna.
  1409 | D:2      | Noticed Natasha
  1419 | D:2      | Killed Natasha
  1544 | D:2      | Found a glowing golden altar of the Shining One.
  1544 | D:2      | Found an oddly glowing altar of Pakellas.
  1725 | D:3      | Noticed Ijyb
  1744 | D:3      | Killed Ijyb
  1758 | D:3      | Gained mutation: You heal very quickly. [Vine Stalker growth]
  1758 | D:3      | Reached XP level 6. HP: 34/34 MP: 7/7
  1768 | D:3      | Reached *** piety under Trog
  1854 | D:3      | Found a white marble altar of Elyvilon.
  2337 | D:4      | Found a staircase to the Ecumenical Temple.
  2391 | Temple   | Entered the Ecumenical Temple
  2892 | D:4      | Reached skill level 5 in Axes
  3064 | D:4      | Reached skill level 5 in Fighting
  3195 | D:4      | Noticed Robin
  3210 | D:4      | Killed Robin
  3397 | D:5      | Entered Level 5 of the Dungeon
  3456 | D:4      | Reached XP level 7. HP: 35/39 MP: 5/8
  3628 | D:5      | Reached **** piety under Trog
  3684 | D:5      | Found a sparkling altar of Nemelex Xobeh.
  3785 | D:5      | Gained mutation: You are partially covered in yellow scales (AC +2). [potion of beneficial mutation]
  3786 | D:5      | Gained mutation: You passively map a small area around you. [potion of beneficial mutation]
  3975 | D:7      | Reached skill level 6 in Fighting
  3975 | D:7      | Reached skill level 6 in Axes
  4103 | D:7      | Noticed a spriggan baker
  4116 | D:7      | Killed a spriggan baker
  4116 | D:7      | Gained mutation: You have razor-sharp teeth. [Vine Stalker growth]
  4116 | D:7      | Reached XP level 8. HP: 35/45 MP: 6/9
  4240 | D:7      | Found a stormy altar of Qazlal.
  4495 | D:6      | Found a large runed door.
  4495 | D:6      | Found a large runed door.
  4495 | D:6      | Noticed Eustachio
  4503 | D:6      | Killed Eustachio
  4503 | D:6      | Reached skill level 7 in Fighting
  4503 | D:6      | Reached skill level 7 in Axes
  4576 | D:6      | Got a slimy brass ring
  4577 | D:6      | Identified the ring "Afegeage" {Dex-2 Slay+4 Stlth+} (You found it on level 6 of the Dungeon)
  4618 | D:6      | Noticed Grinder
  4624 | D:6      | Killed Grinder
  4624 | D:6      | Reached XP level 9. HP: 44/51 MP: 10/10
  4637 | D:6      | Found a large runed door.
  4637 | D:6      | Found a large runed door.
  4656 | D:6      | Noticed a troll
  4660 | D:6      | Reached skill level 8 in Fighting
  4662 | D:6      | Killed a troll
  4662 | D:6      | Reached skill level 8 in Axes
  4751 | D:6      | Noticed a hill giant
  4758 | D:6      | Killed a hill giant
  5278 | D:6      | Reached skill level 9 in Fighting
  5295 | D:6      | Reached skill level 9 in Axes
  5556 | D:8      | Reached XP level 10. HP: 58/58 MP: 11/11
  5679 | D:8      | Found Sogooph's Weapon Emporium.
  6100 | D:9      | Found an opulent altar of Gozag.
  6149 | D:9      | Reached ***** piety under Trog
  6466 | D:9      | Found a sacrificial altar of Ru.
  6477 | D:9      | Reached skill level 10 in Fighting
  6481 | D:9      | Reached skill level 10 in Axes
  6761 | D:10     | Entered Level 10 of the Dungeon
  6868 | D:10     | Found a runed door.
  6868 | D:10     | Found a glowing silver altar of Zin.
  6868 | D:10     | Noticed an angel
  6990 | D:10     | Noticed a hill giant
  7001 | D:10     | Killed a hill giant
  7001 | D:10     | Reached skill level 2 in Armour
  7001 | D:10     | Reached skill level 2 in Dodging
  7590 | D:11     | Noticed a cyclops
  7596 | D:11     | Killed a cyclops
  7596 | D:11     | Reached XP level 11. HP: 60/64 MP: 12/12
  7738 | D:11     | Reached skill level 3 in Dodging
  7739 | D:11     | Noticed a four-headed hydra
  7786 | D:11     | Killed an eight-headed hydra
  7786 | D:11     | Reached skill level 11 in Axes
  7786 | D:11     | Reached skill level 3 in Armour
  7875 | D:11     | Noticed a five-headed hydra
  7889 | D:11     | Killed a ten-headed hydra
  7897 | D:11     | Received a gift from Trog
  7909 | D:11     | Reached skill level 11 in Fighting
  7917 | D:11     | Reached skill level 4 in Dodging
  8002 | D:11     | Found a staircase to the Lair.
  8252 | D:11     | Reached skill level 4 in Armour
  8800 | Lair:1   | Entered Level 1 of the Lair of Beasts
  8849 | Lair:1   | Gained mutation: You regenerate. [Vine Stalker growth]
  8849 | Lair:1   | Reached XP level 12. HP: 62/70 MP: 11/13
  8851 | Lair:1   | Reached skill level 12 in Axes
  8921 | Lair:1   | Noticed Sonja
  8923 | Lair:1   | Noticed a seven-headed hydra
  8929 | Lair:1   | Killed a ten-headed hydra
  8934 | Lair:1   | Killed Sonja
  9061 | Lair:1   | Reached skill level 5 in Dodging
  9124 | Lair:1   | Reached skill level 5 in Armour
  9155 | Lair:1   | Noticed Harold
  9163 | Lair:1   | Killed Harold
  9211 | Lair:1   | Received a gift from Trog
  9832 | Lair:2   | Noticed Duffy's ghost (journeyman DEFE)
  9870 | Lair:2   | Killed Duffy's ghost
 10180 | Lair:2   | Reached skill level 13 in Axes
 10697 | Lair:3   | Found a staircase to the Shoals.
 10802 | Lair:3   | Reached XP level 13. HP: 74/74 MP: 14/14
 10806 | Lair:3   | Reached skill level 6 in Dodging
 10962 | Lair:3   | Reached ****** piety under Trog
 11053 | Lair:3   | Reached skill level 6 in Armour
 11143 | Lair:3   | Noticed Snorg
 11153 | Lair:3   | Killed Snorg
 11153 | Lair:3   | Reached skill level 12 in Fighting
 11912 | Lair:4   | Received a gift from Trog
 12017 | Lair:4   | Noticed MordorOrchid's ghost (journeyman OpIE)
 12043 | Lair:4   | Killed MordorOrchid's ghost
 12239 | Lair:4   | Found a hole to the Spider Nest.
 12742 | Lair:5   | Noticed Kirke
 12762 | Lair:5   | Killed Kirke
 12934 | Lair:5   | Reached skill level 14 in Axes
 12934 | Lair:5   | Reached skill level 7 in Dodging
 13404 | Lair:6   | Reached skill level 7 in Armour
 13426 | Lair:6   | Reached XP level 14. HP: 81/81 MP: 15/15
 13617 | Lair:6   | Found a frozen archway.
 13625 | IceCv    | Entered an ice cave
 13625 | IceCv    | Noticed M4edhros's ghost (journeyman OpAr)
 13647 | IceCv    | Killed M4edhros's ghost
 14850 | Lair:7   | Noticed Rupert
 14908 | Lair:7   | Killed Rupert
 14931 | Lair:7   | Received a gift from Trog
 15020 | Lair:7   | Reached skill level 15 in Axes
 15174 | Lair:7   | Reached skill level 8 in Dodging
 15414 | Lair:7   | Reached skill level 8 in Armour
 15416 | Lair:7   | Reached skill level 13 in Fighting
 15482 | Lair:7   | You fall through a shaft!
 15482 | Lair:8   | Entered Level 8 of the Lair of Beasts
 15612 | Lair:8   | Received a gift from Trog
 15694 | Lair:7   | Reached XP level 15. HP: 86/86 MP: 16/16
 15845 | Lair:7   | Gained mutation: You have supernaturally acute eyesight. [potion of beneficial mutation]
 16490 | Lair:8   | Found a viscous altar of Jiyva.
 16490 | Lair:8   | Found a staircase to the Slime Pits.
 17630 | D:12     | Reached skill level 16 in Axes
 17673 | D:12     | Found a burning altar of Makhleb.
 17811 | D:12     | Received a gift from Trog
 17956 | D:12     | Gained mutation: Your flesh is heat resistant. [potion of beneficial mutation]
 18013 | D:12     | Found a staircase to the Orcish Mines.
 18155 | D:12     | Noticed Nessos
 18163 | D:12     | Killed Nessos
 18163 | D:12     | Reached skill level 9 in Dodging
 18475 | D:13     | Reached skill level 9 in Armour
 18480 | D:13     | Found a shadowy altar of Dithmenos.
 19213 | D:14     | Found a gate to the Vaults.
 19244 | D:14     | Found a labyrinth entrance.
 19252 | Lab      | Entered a labyrinth
 19466 | Lab      | Identified the Catalogue of Good Luck and Flight (You found it in a labyrinth)
 19469 | Lab      | Identified the Papyrus of Attacks (You found it in a labyrinth)
 19927 | D:14     | Reached XP level 16. HP: 86/92 MP: 17/17
 20002 | D:15     | Entered Level 15 of the Dungeon
 20027 | D:15     | Noticed Louise
 20037 | D:15     | Killed Louise
 20121 | D:15     | Noticed Azrael
 20131 | D:15     | Killed Azrael
 20137 | D:15     | Received a gift from Trog
 20388 | D:15     | Found a staircase to the Depths.
 21064 | Orc:1    | Entered Level 1 of the Orcish Mines
 21322 | Orc:2    | Entered Level 2 of the Orcish Mines
 21376 | Orc:2    | Received a gift from Trog
 21512 | Orc:2    | Reached skill level 14 in Fighting
 21548 | Orc:2    | Found Ymohat's Antique Weapon Emporium.
 21571 | Orc:2    | Found Vuatirez's Book Shoppe.
 21625 | Orc:2    | Found a roughly hewn altar of Beogh.
 21632 | Orc:2    | Reached skill level 17 in Axes
 22155 | Orc:2    | Found Viawkib's Assorted Antiques.
 22160 | Orc:2    | Received a gift from Trog
 22162 | Orc:2    | Reached skill level 10 in Dodging
 22317 | Orc:2    | Found Tiareax's Armour Boutique.
 22326 | Orc:2    | Reached skill level 10 in Armour
 22479 | Orc:2    | Found a roughly hewn altar of Beogh.
 22484 | Orc:2    | Reached skill level 1 in Evocations
 22752 | Orc:2    | Found a staircase to the Elven Halls.
 22756 | Orc:2    | Reached skill level 2 in Evocations
 23459 | Orc:2    | Bought a cyan potion for 27 gold pieces
 23459 | Orc:2    | Bought a scroll labeled IMEEHU QILL for 31 gold pieces
 23604 | Lair:1   | Upgraded the game from 0.18-a0-971-g0af6217 to 0.18-a0-987-g0b0e4e7
 23851 | Lair:1   | Received a gift from Trog
 23933 | Spider:1 | Entered Level 1 of the Spider Nest
 23933 | Spider:1 | Noticed Josephine
 23984 | Lair:4   | Reached skill level 3 in Evocations
 24026 | Lair:4   | Killed Josephine
 24101 | Spider:1 | Noticed Nikola
 24136 | Spider:1 | Killed from afar by Nikola

Vault maps used:
D:1:      matt_arrival_diagonals, minmay_tree_intersection
D:2:      gammafunk_temple_overflow_pools, lemuel_doored_altar,
          cheibriados_altar_wand_db, gammafunk_temple_overflow_wave,
          uniq_natasha, uniq_crazy_yiuf_cottage
D:3:      elyvilon_altar_5, first_bread, uniq_iyjb
D:4:      minmay_temple_entry_overgrown, hangedman_decor_slide_cut, uniq_robin
D:5:      nemelex_xobeh_ov_fountains_minmay
D:6:      nicolae_whirlpool, minmay_hollow_rounded_squares, uniq_grinder,
          uniq_eustachio
D:7:      nicolae_overflow_hidden_temple, the_bakery, hangedman_decor_riveting,
          st_stairs_7, nicolae_qazlal_general_emergency
D:8:      serial_shops, nicolae_shop_statue_plus, item_on_display_a
D:9:      nicolae_ru_awakened_eye, nicolae_gozag_seed_capital
D:10:     lemuel_angel_altar
D:11:     minmay_lair_entry_grove
D:12:     orc_0_dummy, basic_altar, uniq_nessos
D:13:     grunt_dithmenos_smoke_and_mirrors
D:14:     erik_vaults_1, lab_entry_generic, infiniplex_staircase_diamond
D:15:     hangedman_depths_entry_civil_slaughter, uniq_louise, uniq_azrael
Temple:   circular_temple_pool_8
Lair:1:   columned_hall_lemuel, grunt_megastairs_5, serial_bayou_shore_a,
          infiniplex_staircase_pool, uniq_harold, uniq_sonja
Lair:2:   grunt_megastairs_1
Lair:3:   shoals_dummy_entry, nicolae_quartered_pool_little, uniq_snorg
Lair:4:   spider_nest_entry_rubble
Lair:5:   uniq_kirke
Lair:6:   portal_ice_cave_entry_pillars_01, serial_bayou_shore_b
Lair:7:   minmay_another_anthill, uniq_rupert
Lair:8:   due_jungle_book, dpeg_slime_entry_enclosed_altar, grunt_megastairs_3
Spider:1: spiders_nest_spider_trap, uniq_nikola, uniq_josephine
Orc:1:    mines_bat_river
Orc:2:    pubby_orc_utopia
Lab:      nicolae_lab_dead_adventurers
IceCv:    ice_cave_statue_garden_02

Vanquished Creatures
  Rupert Kirke
  2 orc warlords Louise
  A salamander stormcaller Nessos Azrael Snorg
  6 dire elephants
  An ettin Josephine
  A minotaur
  A fire dragon
  The ghost of M4edhros the Covert, a journeyman OpAr of Okawaru
  The ghost of MordorOrchid the Thaumaturge, a journeyman OpIE of Vehumet Harold
  The ghost of Duffy the Nimble, a journeyman DEFE of Vehumet
  11 hydras
  An anaconda
  A catoblepas
  2 centaur warriors
  An ogre mage
  A death knight
  2 dancing weapons
  A queen ant
  5 death yaks
  4 orc high priests
  A tengu warrior Sonja
  A deep elf knight
  An unseen horror
  A deep troll
  3 orc knights
  7 hill giants
  An orb spider
  5 ugly things
  2 deep elf magi
  3 wolf spiders
  4 orc sorcerers
  6 cyclopes
  4 griffons
  23 elephants
  5 black mambas
  3 ice statues
  A torpor snail
  2 gargoyles
  5 centaur skeletons
  14 spiny frogs
  3 komodo dragons
  3 fire drakes
  3 tengu conjurers
  A fire drake (shapeshifter)
  A komodo dragon (shapeshifter)
  2 demonic crawlers
  A polar bear
  12 trolls
  2 jumping spiders
  3 two-headed ogres
  2 boulder beetles
  14 blink frogs Grinder
  2 shadows
  2 trapdoor spiders
  2 redbacks
  59 yaks
  A spriggan
  8 wraiths
  4 basilisks
  4 wyverns
  3 hogs
  2 hungry ghosts Eustachio
  3 fire elementals
  16 hippogriffs
  18 wolves
  5 wargs
  5 hell hounds
  23 water moccasins
  23 porcupines
  7 soldier ants
  A black bear
  6 ice beasts
  36 orc warriors
  3 necrophages
  A phantom
  3 sky beasts
  A wasp
  12 ogres
  12 crocodiles
  17 centaurs
  A big kobold
  16 giant frogs
  2 wyvern skeletons
  6 killer bees
  3 scorpions
  A water moccasin skeleton
  14 wights
  An electric eel
  8 crimson imps
  A wasp zombie
  3 centaur zombies
  7 jellies
  2 quasits
  4 giant frog zombies
  5 hounds
  23 orc priests
  A gnoll shaman Crazy Yiuf
  19 orc wizards
  Ijyb Natasha (thrice)
  13 iguanas
  7 hell rats
  23 worker ants
  33 sheep
  A hound skeleton
  A worker ant zombie
  7 gnolls Robin
  13 adders
  24 river rats
  6 shadow imps
  An adder zombie
  3 worms
  8 giant geckos
  95 orcs
  A ball python
  8 giant cockroaches
  20 goblins
  15 hobgoblins
  4 jackals
  6 quokkas
  11 bats
  A giant gecko skeleton
  2 giant newts
  A jackal skeleton
  17 kobolds
  A quokka skeleton
  2 rats
  35 fungi
  29 plants
984 creatures vanquished.
